 Dungeon Crawl Stone Soup version 0.29.1-15-g9cfb28693d (webtiles) character file.

Game seed: 13327231597257860958

102219 growler the Black Belt (level 16, -11/152 (165) HPs)
             Began as a Merfolk Transmuter on Mar 13, 2023.
             Was a High Priest of Wu Jian.
             Mangled by an ogre mage
             ... wielding a +0 flail
              (16 damage)
             ... while paralysed by an ogre mage
             ... on level 15 of the Dungeon.
             The game lasted 01:07:12 (27613 turns).

growler the Black Belt (Merfolk Transmuter)        Turns: 27613, Time: 01:07:13

HP:   -11/152 (165) AC:  8    Str: 10    XL:     16   Next: 32%
MP:   22/22         EV:  1    Int: 15    God:    Wu Jian [*****.]
Gold: 397           SH:  0    Dex: 24    Spells: 1/23 levels left

rFire   x . .      SeeInvis .     - Unarmed
rCold   + + +      Faith    .   (shield currently unavailable)
rNeg    . . .      Spirit   .   (body armour currently unavailable)
rPois   +          Reflect  .   (helmet currently unavailable)
rElec   .          Harm     .   (cloak currently unavailable)
rCorr   .          Rampage  .   (gloves currently unavailable)
Will    +....                   (boots currently unavailable)
Stlth   ++++......              D - amulet of magic regeneration
HPRegen 0.35/turn               w - +6 ring of dexterity
MPRegen 0.58/turn               n - +4 ring of evasion

@: paralysed, ice-form, studying 2 skills, drained
A: freezing attack, boosted hp, large, (nimble swimmer 2), (mertail), clumsy 1
a: End Transformation, Renounce Religion, Wall Jump, Serpent's Lash, Heavenly
Storm


You were on level 15 of the Dungeon.
You worshipped Wu Jian.
Wu Jian was extremely pleased with you.
You were a creature of crystalline ice.
You visited 4 branches of the dungeon, and saw 23 of its levels.

You collected 2007 gold pieces.
You spent 1610 gold pieces at shops.

Inventory:

Missiles
 l - 60 poisoned darts (quivered)
 B - 6 atropa-tipped darts
 F - 5 throwing nets
Armour
 s - a +2 cloak (melded)
 J - a +0 pair of gloves (melded)
 M - a +2 robe of willpower (melded)
 N - a +0 helmet (melded)
 V - a +2 pair of boots of flying (melded)
Jewellery
 d - a ring of positive energy
 k - a ring of protection from fire
 n - a +4 ring of evasion (right front paw)
 w - a +6 ring of dexterity (left front paw)
 D - an amulet of magic regeneration (around neck)
 R - a ring of poison resistance
 S - an amulet of guardian spirit
 U - a ring of magical power
 Y - a ring of willpower
Wands
 q - a wand of iceblast (19)
 A - a wand of flame (41)
 E - a wand of quicksilver (6)
 W - a wand of mindburst (2)
 X - a wand of charming (7)
Scrolls
 a - 2 scrolls of amnesia {unknown}
 c - 4 scrolls of immolation
 f - 3 scrolls of blinking
 g - 2 scrolls of brand weapon
 i - 2 scrolls of fear
 m - a scroll of butterflies
 o - 8 scrolls of teleportation
 t - a scroll of vulnerability {unknown}
 y - 2 scrolls of enchant weapon
 H - a scroll of magic mapping
 L - a scroll of summoning
 O - a scroll of silence {unknown}
 P - 2 scrolls of enchant armour
 Q - 3 scrolls of identify
Potions
 b - 2 potions of lignification
 e - 4 potions of might
 h - 2 potions of invisibility
 j - 5 potions of brilliance
 p - 2 potions of resistance
 r - 2 potions of ambrosia
 u - 4 potions of mutation
 v - 6 potions of curing
 x - 4 potions of heal wounds
 z - 3 potions of magic
 C - 5 potions of flight
 G - a potion of attraction
 I - a potion of cancellation
 K - 4 potions of haste
 T - 2 potions of berserk rage


   Skills:
 - Level 16.0 Fighting
 - Level 11.0 Dodging
 - Level 6.0 Stealth
 + Level 20.7 Unarmed Combat
 - Level 4.0 Spellcasting
 + Level 13.3 Transmutations
 - Level 5.0 Ice Magic


You had one spell level left.
You knew the following spells:

 Your Spells              Type           Power      Damage    Failure   Level
a - Beastly Appendage     Tmut           84%        N/A       1%          1
b - Wereblood             Tmut           42%        N/A       1%          2
c - Spider Form           Tmut/Pois      22%        N/A       3%          3
d - Ice Form              Ice/Tmut       30%        N/A       4%          4
e - Blade Hands           Tmut           21%        N/A       2%          5
f - Dragon Form           Tmut           21%        N/A       54%         7

Your spell library contained the following spells:

 Spells                   Type           Power      Damage    Failure   Level
 Freeze                   Ice            72%        1d9       2%          1
 Foxfire                  Conj/Fire      12%        2x1d4     19%         1
 Magic Dart               Conj           12%        1d3       19%         1
 Necrotise                Necr           12%        1d4       19%         1
 Frozen Ramparts          Ice            36%        1d6       7%          3
 Call Imp                 Summ           3%         N/A       26%         2
 Static Discharge         Conj/Air       3%         3-4/arc   26%         2
 Irradiate                Conj/Tmut      11%        3d15      32%         5
 Conjure Flame            Conj/Fire      3%         6-21      47%         3
 Dazzling Flash           Conj/Hex       6%         N/A       47%         3
 Inner Flame              Hex/Fire       3%         N/A       47%         3
 Mephitic Cloud           Conj/Pois/Air  3%         N/A       47%         3
 Vampiric Draining        Necr           3%         2d6       47%         3
 Hailstorm                Conj/Ice       10%        3d5       54%         4
 Summon Ice Beast         Ice/Summ       10%        N/A       54%         4
 Animate Dead             Necr           3%         N/A       87%         4
 Dispel Undead            Necr           3%         3d7       87%         4
 Flame Wave               Conj/Fire      3%         2d5       87%         4
 Fulminant Prism          Conj/Hex       1%         3d6       87%         4
 Iskenderun's Mystic Bla  Conj/Tloc      3%         2d3       87%         4
 Sticky Flame             Conj/Fire      3%         2d3       87%         4
 Summon Lightning Spire   Summ/Air       3%         N/A       87%         4
 Agony                    Necr           3%         N/A       99%         5
 Borgnjor's Vile Clutch   Necr/Erth      1%         N/A       99%         5
 Lee's Rapid Deconstruct  Erth           1%         3d5*      99%         5
 Death Channel            Necr           1%         N/A       100%        6
 Starburst                Conj/Fire      1%         6d3       100%        6
 Storm Form               Tmut/Air       11%        N/A       100%        7
 Maxwell's Capacitive Co  Air            1%         ∞         100%        8


Dungeon Overview and Level Annotations

Branches:
Dungeon (15/15)            Temple (1/1) D:4            Lair (5/5) D:11
 Shoals (0/4) Lair:2       Spider (0/4) Lair:3        Slime (0/5) Lair:5
    Orc (2/2) D:11            Elf (0/3) Orc:2        Vaults (0/5) D:14
 Depths: D:15

Altars:
Cheibriados
Dithmenos
Fedhas
Gozag
Makhleb
Nemelex Xobeh
Uskayaw
Vehumet
Wu Jian
Xom
The Shining One
Jiyva

Shops:
D:2 (   D:5 =!   D:7 (![   D:8 (   Orc:2 :(*((

Portals:
Hell: Lair:5

Annotations:
D:3 3 runed translucent doors, GigaChad's ghost, amateur MiGl
D:10 exclusion: statue
Lair:3 exclusion: 2 oklob plants
Orc:2 3 runed translucent doors, SirLogeyBear's ghost, journeyman HOBe


Innate Abilities, Weirdness & Mutations

You are a creature of crystalline ice.
You have a powerful freezing melee attack.
Your maximum health is increased.
Your armour is entirely melded.
You are incapable of wielding weapons or throwing items.
((You are very nimble when in or above water. (Stealth+, EV+, Speed+++)))
((Your lower body shifts to a powerful aquatic tail in water.))
You are clumsy. (Dex -2)


Message History

The two-headed ogre is moderately wounded.
The ogre mage mumbles some strange words.
The ogre mage flickers and vanishes!
Deactivating autopickup; reactivate with Ctrl-A.
The two-headed ogre completely misses you.
The two-headed ogre hits you with a +0 giant club.
You spin and attack the skeletal warrior repeatedly.
You hit the skeletal warrior but do no damage.
You pummel the skeletal warrior!!
The skeletal warrior is heavily damaged.
You spin and attack the two-headed ogre repeatedly.
You pummel the two-headed ogre!! You freeze the two-headed ogre.
You kill the two-headed ogre!
The Council accepts your kill.
The skeletal warrior hits you with a +2 flail of draining!!
You feel drained.
You hear some strange, mumbled words.
You suddenly lose the ability to move!
The two-headed ogre hits you with a +0 giant club!! x2
The skeletal warrior hits you with a +2 flail of draining!
You feel drained.
A tengu conjurer comes into view.
Something hits you but does no damage.
The skeletal warrior hits you with a +2 flail of draining!
You feel drained.
The two-headed ogre hits you with a +0 giant club!!
* * * LOW HITPOINT WARNING * * *
The two-headed ogre hits you with a +0 giant club.
* * * LOW HITPOINT WARNING * * *
The two-headed ogre hits you with a +0 giant spiked club!
* * * LOW HITPOINT WARNING * * *
The two-headed ogre hits you with a +0 giant club!
* * * LOW HITPOINT WARNING * * *
The skeletal warrior hits you with a +2 flail of draining.
* * * LOW HITPOINT WARNING * * *
You feel drained.
* * * LOW HITPOINT WARNING * * *
The tengu conjurer shouts!
Something hits you!
You die... $......... ........# .Q..... ..... ... #...# #.# #WpO# #.# #OzO#

#(# #.Y.#
#.#########...#####
#..##..............
#####.#..........!.....
........................
##..#..##.#####...######
##..#..##.# #...#
.......##.# #...#
.....#.##.# ###...#


You could see a death knight, a skeletal warrior, 2 two-headed ogres, a wraith,
a tengu conjurer and an ogre.

Vanquished Creatures
  Rupert (D:14)
  Kirke (D:14)
  Azrael (D:14)
  8 hydras
  A boulder beetle (D:14)
  Harold (Lair:2)
  A catoblepas (Lair:4)
  4 two-headed ogres
  4 centaur warriors
  10 death yaks
  An orc high priest (Orc:2)
  2 tengu warriors (D:14)
  A sun demon (Lair:5)
  A soul eater (D:12)
  An iron troll (D:14)
  A bog body (Lair:1)
  A wizard (Lair:5)
  Pikel (D:4)
  A lindwurm (shapeshifter) (D:14)
  An orc knight (Orc:2)
  A phantasmal warrior (D:15)
  A lindwurm (D:14)
  4 orc sorcerers (Orc:2)
  4 cyclopes
  A manticore (Lair:2)
  5 ugly things
  5 black mambas
  13 elephants
  3 smoke demons
  An ice statue (Lair:1)
  A torpor snail (Lair:1)
  A gargoyle (D:14)
  A cane toad (shapeshifter) (D:10)
  An unseen horror (D:11)
  An orange demon (D:12)
  6 cane toads
  A kobold demonologist (D:12)
  9 komodo dragons
  7 rime drakes
  4 ice devils
  10 trolls
  3 red devils (Lair:5)
  2 polar bears (Lair:1)
  3 meliai (D:13)
  A hornet (D:9)
  3 slime creatures (D:12)
  4 blink frogs
  A wind drake (Lair:2)
  4 dream sheep (Lair:4)
  A jumping spider (shapeshifter) (D:14)
  Sigmund (D:5)
  2 wraiths
  26 yaks
  4 wyverns
  Eustachio (D:5)
  A shadow (D:9)
  A dire elephant simulacrum (Lair:1)
  5 basilisks
  2 chaos spawn (D:12)
  2 fire elementals (D:14)
  A hog (D:14)
  A steam dragon (D:8)
  3 acid dragons
  Edmund (D:4)
  14 water moccasins
  A warg (Orc:2)
  11 hell hounds
  Pargi (D:4)
  25 orc warriors
  2 black bears
  10 ogres
  7 centaurs
  47 wolves
  2 phantoms
  5 kobold brigands
  A bullfrog (shapeshifter) (D:13)
  6 bullfrogs
  4 gnoll sergeants
  3 scorpions
  A two-headed ogre simulacrum (Lair:1)
  2 cane toad simulacra (Lair:1)
  2 necrophages
  5 wights (D:8)
  15 killer bees
  4 howler monkeys
  An electric eel (Lair:5)
  2 quasits (D:12)
  3 hounds
  14 orc priests
  Crazy Yiuf (D:5)
  A jelly (D:5)
  2 iguanas
  Ijyb (D:5)
  30 orc wizards
  A spriggan simulacrum (Lair:1)
  24 gnolls
  8 adders
  A naga simulacrum (Lair:1)
  2 worms
  3 dart slugs
  73 orcs
  7 ball pythons
  2 bats
  8 endoplasms
  4 giant cockroaches
  5 goblins
  6 hobgoblins
  2 quokkas
  A frilled lizard (D:2)
  13 kobolds
  8 rats
587 creatures vanquished.

Vanquished Creatures (others)
  An ice devil (Lair:5)
  4 humans (D:14)
  An orc wizard (Orc:2)
  14 fungi
  14 plants
34 creatures vanquished.

Grand Total: 621 creatures vanquished

Notes
Turn   | Place    | Note
-------+----------+-------------------------------------------
     0 | D:1      | growler the Merfolk Transmuter began the quest for the Orb.
     0 | D:1      | Reached XP level 1. HP: 15/15 MP: 3/3
   327 | D:1      | Reached XP level 2. HP: 21/21 MP: 3/5
   330 | D:1      | Learned a level 2 spell: Wereblood
   907 | D:1      | Found a faded altar of an unknown god.
  1135 | D:2      | Reached XP level 3. HP: 23/26 MP: 2/6
  1330 | D:2      | Learned a level 3 spell: Spider Form
  1508 | D:2      | Found Focsiz's Antique Weapon Shoppe.
  1681 | D:2      | Reached skill level 4 in Unarmed Combat
  2473 | D:3      | Reached XP level 4. HP: 30/32 MP: 8/8
  2516 | D:3      | Noticed a scorpion
  2535 | D:3      | HP: 1/32 [scorpion (3)]
  2538 | D:3      | Killed a scorpion
  2539 | D:3      | Reached XP level 5. HP: 10/37 MP: 9/9
  3027 | D:3      | Learned a level 4 spell: Ice Form
  3218 | D:3      | Reached skill level 5 in Unarmed Combat
  3268 | D:3      | Identified the +2 robe of Greed {rC- Will+ Str+4}
  3416 | D:3      | Found a runed translucent gate.
  3438 | D:3      | Found a runed translucent gate.
  3440 | D:3      | Found a runed translucent gate.
  3449 | D:3      | Noticed GigaChad's ghost (amateur MiGl)
  3953 | D:4      | Reached skill level 6 in Unarmed Combat
  3957 | D:4      | Reached XP level 6. HP: 26/43 MP: 10/10
  4265 | D:4      | Found a staircase to the Ecumenical Temple.
  4292 | Temple   | Entered the Ecumenical Temple
  4300 | Temple   | Became a worshipper of the Wu Jian Council
  4657 | D:4      | Noticed Pargi
  4721 | D:4      | Killed Pargi
  4722 | D:4      | Reached skill level 7 in Unarmed Combat
  4770 | D:4      | Reached XP level 7. HP: 48/48 MP: 3/11
  5005 | D:4      | Noticed Edmund
  5024 | D:4      | Killed Edmund
  5025 | D:4      | Reached skill level 8 in Unarmed Combat
  5299 | D:5      | Entered Level 5 of the Dungeon
  5299 | D:5      | Noticed Pikel
  5299 | D:5      | Found Sallodgh's Distillery.
  5313 | D:4      | Killed Pikel
  5314 | D:4      | Reached skill level 10 in Unarmed Combat
  5314 | D:4      | Reached XP level 8. HP: 40/54 MP: 7/12
  5551 | D:5      | Found Veamnet's One-of-a-Kind Rings.
  5594 | D:5      | Reached skill level 1 in Ice Magic
  5655 | D:5      | Noticed Sigmund
  5664 | D:5      | Killed Sigmund
  5751 | D:5      | Noticed Eustachio
  5770 | D:5      | Killed Eustachio
  5771 | D:5      | Reached skill level 5 in Transmutations
  6408 | D:5      | Noticed Ijyb
  6416 | D:5      | Killed Ijyb
  6417 | D:5      | Reached XP level 9. HP: 61/63 MP: 11/14
  6512 | D:5      | Found a runed translucent door.
  6513 | D:5      | Noticed Crazy Yiuf
  7304 | D:6      | Reached * piety under Wu Jian
  8046 | D:7      | Found Zapsug's Distillery.
  8468 | D:7      | Reached skill level 11 in Unarmed Combat
  8483 | D:7      | Found Serghaij's Antique Armour Shop.
  8625 | D:7      | Found Hual Zerch's Weapon Shop.
  8698 | D:8      | Reached ** piety under Wu Jian
  8773 | D:8      | Noticed a two-headed ogre
  8783 | D:8      | Killed a two-headed ogre
  8784 | D:8      | Reached skill level 5 in Ice Magic
  8905 | D:8      | Reached XP level 10. HP: 65/77 MP: 14/16
  9560 | D:8      | Reached skill level 12 in Unarmed Combat
 10094 | D:8      | Identified the +8 spear "Imme" {vorpal, rElec Str+2 Stlth+}
 10121 | D:8      | Found Houz Goly's Weapon Shop.
 10303 | D:8      | Learned a level 5 spell: Blade Hands
 11152 | D:9      | Reached *** piety under Wu Jian
 11295 | D:9      | Found a sparkling altar of Nemelex Xobeh.
 11716 | D:10     | Entered Level 10 of the Dungeon
 11766 | D:10     | Reached XP level 11. HP: 41/87 MP: 17/17
 12050 | D:10     | Reached skill level 13 in Unarmed Combat
 12288 | D:10     | Found the +8 trident of the Octopus King {venom, rElec
                  | rPois}
 12457 | D:10     | Noticed a cyclops
 12479 | D:10     | Killed a cyclops
 12639 | D:10     | Found a radiant altar of Vehumet.
 12754 | D:11     | Found a staircase to the Lair.
 12860 | D:11     | Found a staircase to the Orcish Mines.
 13134 | D:11     | Noticed a seven-headed hydra
 13140 | D:11     | Killed a seven-headed hydra
 13141 | D:11     | Reached skill level 10 in Fighting
 13141 | D:11     | Reached skill level 10 in Transmutations
 13305 | D:11     | Identified the +10 sling of the Solstice {vorpal, Str+4}
 13402 | D:11     | Reached skill level 1 in Stealth
 13994 | Lair:1   | Entered Level 1 of the Lair of Beasts
 14113 | Lair:1   | Reached skill level 14 in Unarmed Combat
 14113 | Lair:1   | Reached **** piety under Wu Jian
 14135 | Lair:1   | Reached XP level 12. HP: 26/99 MP: 18/18
 14657 | Lair:1   | Reached skill level 5 in Dodging
 14713 | Lair:1   | Noticed a death yak
 14730 | Lair:1   | Killed a death yak
 15403 | Lair:1   | Reached skill level 5 in Stealth
 16097 | Lair:2   | Found a staircase to the Shoals.
 16676 | Lair:2   | Noticed Harold
 16685 | Lair:2   | Killed Harold
 17065 | Lair:3   | Noticed a seven-headed hydra
 17072 | Lair:3   | Killed a seven-headed hydra
 17083 | Lair:3   | Found a hole to the Spider Nest.
 17139 | Lair:3   | Reached skill level 15 in Unarmed Combat
 17510 | Lair:3   | Reached XP level 13. HP: 108/108 MP: 16/19
 18390 | Lair:4   | Reached skill level 10 in Dodging
 18641 | Lair:4   | Identified the +3 leather armour of Spite {rF+ Str+4 Dex-2}
 18858 | Lair:5   | Entered Level 5 of the Lair of Beasts
 19005 | Lair:5   | Found a viscous altar of Jiyva.
 19006 | Lair:5   | Found a staircase to the Slime Pits.
 19023 | Lair:5   | Reached skill level 16 in Unarmed Combat
 19558 | Lair:5   | Reached ***** piety under Wu Jian
 19680 | Lair:5   | Reached XP level 14. HP: 77/119 MP: 20/20
 19931 | Lair:5   | Reached skill level 17 in Unarmed Combat
 20913 | Lair:5   | Found a burning altar of Makhleb.
 21363 | Lair:5   | Found a gateway to Hell.
 21367 | Lair:5   | Reached skill level 15 in Fighting
 21730 | D:5      | Bought a potion of experience for 650 gold pieces
 21730 | D:5      | Reached skill level 18 in Unarmed Combat
 21730 | D:5      | Reached XP level 15. HP: 129/129 MP: 21/21
 21993 | D:5      | Killed Crazy Yiuf
 22121 | Orc:1    | Entered Level 1 of the Orcish Mines
 22255 | Orc:2    | Entered Level 2 of the Orcish Mines
 22256 | Orc:2    | Found a staircase to the Elven Halls.
 22326 | Orc:2    | Found a runed translucent gate.
 22328 | Orc:2    | Found a runed translucent gate.
 22330 | Orc:2    | Noticed an orc warlord
 22348 | Orc:2    | Gained mutation: You are clumsy. (Dex -2) [a neqoxec]
 23016 | Orc:2    | Found a runed translucent gate.
 23032 | Orc:2    | Noticed SirLogeyBear's ghost (journeyman HOBe)
 23123 | Orc:2    | Found Leeriuc's Antique Weapon Boutique.
 23274 | Orc:2    | Found Etyago's Book Boutique.
 23275 | Orc:2    | Found Ximor's Antique Weapon Boutique.
 23276 | Orc:2    | Found Ekoan's Antique Weapon Shop.
 23280 | Orc:2    | Found Uraih's General Store.
 23827 | Orc:2    | Bought a manual of Unarmed Combat for 960 gold pieces
 23835 | Orc:2    | Learned a level 7 spell: Dragon Form
 24038 | D:12     | Reached skill level 19 in Unarmed Combat
 24530 | D:12     | Reached ****** piety under Wu Jian
 25331 | D:13     | Identified a scroll of acquirement
 25332 | D:13     | Acquired a +2 pair of boots of flying
 25441 | D:13     | Identified the +4 ring mail of Freedom {Slay+4}
 25747 | D:14     | Noticed Azrael
 25754 | D:14     | Killed Azrael
 25758 | D:14     | Reached XP level 16. HP: 67/138 MP: 22/22
 26292 | D:14     | Noticed Kirke
 26301 | D:14     | Killed Kirke
 26316 | D:14     | Noticed Rupert
 26601 | D:14     | Found a hide-covered altar of Uskayaw.
 26607 | D:14     | Killed Rupert
 26607 | D:14     | Reached skill level 20 in Unarmed Combat
 26996 | D:14     | Found a gate to the Vaults.
 27282 | D:14     | Found a blossoming altar of Fedhas.
 27362 | D:15     | Entered Level 15 of the Dungeon
 27456 | D:15     | Found a shimmering altar of Xom.
 27609 | D:15     | Paralysed by something for 5 turns
 27612 | D:15     | HP: 6/153 [skeletal warrior/+2 flail of draining[a death
                  | knight] (4)]
 27613 | D:15     | Mangled by an ogre mage

Illustrated notes

Levels and vault maps discovered:
D:1:      matt_arrival_refuge, layout_loops_ring, basic_ecumenical_altar,
          hangedman_feature_mirror
D:2:      layout_loops_ring, serial_shops, shop
D:3:      wad_lake_hut, layout_basic, gammafunk_ghost_necromancy
D:4:      layout_layer_cave, minmay_temple_entry_arrows, st_stairs_9,
          chequers_serial_rivers_micro_c, uniq_pargi, uniq_edmund
D:5:      layout_layer_cave, serial_shops, nicolae_stop_n_shop_2,
          nicolae_shop_unique_rings, grunt_decor_arrowhead, uniq_eustachio,
          uniq_ijyb, uniq_sigmund, uniq_pikel, uniq_crazy_yiuf_cottage
D:6:      layout_layer_cave
D:7:      layout_loops_ring, serial_shops, nicolae_square_shop,
          nicolae_shop_waterfront, shop, nicolae_underground_beach
D:8:      layout_gridville, serial_shops, kennysheep_mini
D:9:      layout_basic, nemelex_altar_shiori
D:10:     layout_cave_pools, vehumet_statue
D:11:     layout_roguey, lair_entry_dummy,
          kennysheep_orc_monster_closet_entryway
D:12:     layout_roguey, serial_demonic, serial_demonic_d, serial_demonic_c,
          serial_demonic_d, serial_demonic_a
D:13:     layout_gridville
D:14:     layout_long_grid, david_vaults_4,
          nicolae_uskayaw_murder_on_the_dancefloor, fedhas_altar_fruit_tree,
          uniq_kirke, uniq_azrael, uniq_rupert
D:15:     hangedman_depths_entry_try_elsewhere_first, layout_loops_cross,
          serial_shops, shop, cheibriados_altar_1, tgw_xom
Temple:   nicolae_temple_bog_church
Lair:1:   dreamdust_isle_of_ice, layout_cave_pods
Lair:2:   layout_roguey, minmay_shoals_entry_beasts, uniq_harold
Lair:3:   dpeg_oklob_gauntlet, layout_regular_city, spider_nest_entry_a
Lair:4:   layout_loops_ring
Lair:5:   evil_forest, layout_hall_layers, slime_entry_1,
          grunt_forest_large_clearings, grunt_megastairs_2,
          infiniplex_staircase_pool
Orc:1:    layout_caves
Orc:2:    st_orc_mages, layout_caves, serial_shops,
          nicolae_shop_advertising_works [nicolae_subvault_shop_adworks],
          gammafunk_ghost_split

Skill      XL: |  1  2  3  4  5  6  7  8  9 10 11 12 13 14 15 16 |
---------------+-------------------------------------------------+-----
Transmutations | 3 4 5 6 8 10 11 13 | 13.3
Unarmed Combat | 4 6 7 10 11 12 14 15 16 18 19 20 | 20.7
Spellcasting   | 3 4 |  4.0
Ice Magic      | 2 5 |  5.0
Fighting       | 3 6 8 10 12 13 15 16 | 16.0
Dodging        | 4 8 11 | 11.0
Stealth        | 3 6 |  6.0

Action                   |  1- 3 |  4- 6 |  7- 9 | 10-12 | 13-15 | 16-18 || total
-------------------------+-------+-------+-------+-------+-------+-------++-------
Melee: Unarmed           |   115 |   119 |   212 |   479 |   676 |    99 ||  1700
       Headbutt          |    18 |    12 |     8 |       |       |       ||    38
       Punch             |     1 |     5 |     6 |     5 |    50 |    12 ||    79
Throw: Dart              |       |     1 |     4 |       |       |       ||     5
 Cast: Beastly Appendage |    23 |    10 |     7 |       |       |       ||    40
       Wereblood         |     2 |     3 |     7 |    10 |     3 |       ||    25
       Spider Form       |       |     4 |    18 |     3 |       |       ||    25
       Ice Form          |       |       |     2 |    43 |    16 |     4 ||    65
       Blade Hands       |       |       |       |     4 |    48 |     7 ||    59
Invok: Lunge             |       |     1 |    18 |    51 |    70 |    13 ||   153
       Whirlwind         |       |       |    18 |   152 |   294 |    19 ||   483
       Serpent's Lash    |       |       |       |     4 |     9 |     2 ||    15
 Abil: End Transformatio |       |       |       |       |     3 |       ||     3
Evoke: Wand              |       |       |       |       |     3 |       ||     3
  Use: Scroll            |     3 |     3 |       |     8 |    13 |       ||    27
       Potion            |       |     3 |       |     1 |     1 |       ||     5
 Stab: Sleeping          |     1 |       |     1 |    11 |     4 |       ||    17
       Distracted        |       |       |       |       |     2 |       ||     2
Armor: Robe              |    17 |    14 |     6 |     5 |    44 |     6 ||    92
       Skin              |       |     2 |     5 |    60 |    29 |     5 ||   101
Dodge: Dodged            |    72 |   109 |   163 |   271 |   443 |    75 ||  1133
